 Dungeon Crawl Stone Soup version 0.28-a0-803-g74956062c1 (webtiles) character file.

Game seed: 7181746931474145401

128 Decritt the Chopper (level 4, 0/42 HPs)
             Began as a Deep Dwarf Fighter on Nov 7, 2021.
             Was an Initiate of Elyvilon.
             Slain by an iguana (10 damage)
             ... on level 3 of the Dungeon.
             The game lasted 00:05:58 (2028 turns).

Decritt the Chopper (Deep Dwarf Fighter)            Turns: 2028, Time: 00:05:59

Health: 0/42       AC:  8    Str: 20    XL:     4   Next: 86%
Magic:  4/4        EV: 10    Int:  9    God:    Elyvilon [......]
Gold:   103        SH:  4    Dex: 12    Spells: 3/3 levels left

rFire   . . .      SeeInvis .   a - +0 war axe
rCold   . . .      Faith    +   c - +0 buckler
rNeg    . . .      Spirit   .   b - +0 scale mail
rPois   .          Reflect  .   h - +0 helmet
rElec   .          Harm     .   (no cloak)
rCorr   +          Rampage  .   (no gloves)
Will    .....                   (no boots)
Stlth   ..........              g - amulet of faith
HPRegen 0.00/turn               e - ring of resist corrosion
MPRegen 0.09/turn               (no ring)

@: no status effects
A: damage resistance, heal wounds, sense surroundings 1, no regeneration
a: Heal Wounds, Renounce Religion


You were on level 3 of the Dungeon.
You worshipped Elyvilon.
Elyvilon was noncommittal.
You visited 1 branch of the dungeon, and saw 3 of its levels.

You collected 103 gold pieces.

Inventory:

Hand Weapons
 a - a +0 war axe (weapon)
Missiles
 i - 52 stones
 l - a throwing net
 n - 13 poisoned darts (quivered)
Armour
 b - a +0 scale mail (worn)
 c - a +0 buckler (worn)
 h - a +0 helmet (worn)
Jewellery
 e - a ring of resist corrosion (left hand)
 g - an amulet of faith (around neck)
Wands
 o - a wand of paralysis (7)
Scrolls
 f - a scroll of vulnerability
Potions
 d - a potion of might
 j - a potion of brilliance {unknown}
 k - a potion of resistance {unknown}
 m - a potion of curing {unknown}
 p - a potion of berserk rage
 q - a potion of haste


   Skills:
 + Level 3.4 Fighting
 * Level 4.3 Axes
 + Level 3.2 Armour
 + Level 2.2 Dodging
 - Level 3.2 Shields
 + Level 0.0 Invocations


You had 3 spell levels left.
You didn't know any spells.
Your spell library was empty.

Dungeon Overview and Level Annotations

Branches:
Dungeon (3/15)

Altars:
Elyvilon
Fedhas
Yredelemnul

Annotations:
D:3 Sigmund


Innate Abilities, Weirdness & Mutations

You are resistant to damage.
You can heal yourself by infusing magical energy.
You passively map a small area around you.
You do not regenerate.


Message History

You block the hound zombie's attack.
You hit the hound zombie.
The hound zombie is heavily damaged.
The hound zombie bites you but does no damage.
The hound zombie barely misses you.
You slash the hound zombie!
You destroy the hound zombie!
No target in view!
No target in view!
Found a basalt altar of Yredelemnul.
Found 13 bolts.
You see here 13 bolts.
Found a stone staircase leading down.
Found a white marble altar of Elyvilon.
Found a scroll of vulnerability.
There is a white marble altar of Elyvilon here.
You kneel at the altar of Elyvilon.
Elyvilon welcomes you!
You start putting on your amulet.
You continue putting on your amulet of faith. x5
You finish putting on your amulet of faith.
You feel a surge of divine interest.
g - an amulet of faith (around neck)
Okay, then.
Okay, then.
An iguana and Sigmund come into view.
Sigmund shouts!
The iguana hisses angrily.
The iguana closely misses you.
You barely miss the iguana. You block the iguana's attack.
You closely miss the iguana. The iguana completely misses you.
Sigmund barely misses you.
You closely miss the iguana. The iguana misses you. Sigmund closely misses you.
You hit the iguana but do no damage. The iguana barely misses you.
The iguana bites you!
* * * LOW HITPOINT WARNING * * *
You fail to use your ability.
Sigmund hits you from afar with a +0 scythe!
* * * LOW HITPOINT WARNING * * *
The iguana bites you!
You die...

* ### #. ..######
####.#####......# #########
#....#..,....,@.#####.......#
#....#.###.# .....##.......#
#....#.#...## ...?.##.......#
#....#.#....##@..............
#........._..l.....##.......#
#......##...@#.#...##.......#
#..>...###...#.#...##.......#
#......###.###.#... #.......#
#........... .#...##.......#
#.###......##*## #.........#
####.######...#
..####.#.......#
#.............#
#...............
#...(.........#
#...####..###### #...........
.# #, #..)..#..#..


You could see Sigmund and an iguana.

Vanquished Creatures
  An orc wizard (D:3)
  2 hound zombies (D:3)
  An adder (D:3)
  A worm (D:3)
  A dart slug (D:3)
  4 orcs (D:3)
  5 endoplasms
  A giant cockroach (D:2)
  4 goblins
  4 hobgoblins
  5 jackals (D:1)
  9 kobolds
  A quokka (D:2)
  4 ball pythons
  2 bats (D:1)
  7 frilled lizards
  7 rats
59 creatures vanquished.

Vanquished Creatures (others)
  2 plants (D:3)
2 creatures vanquished.

Grand Total: 61 creatures vanquished

Notes
Turn   | Place    | Note
-------+----------+-------------------------------------------
     0 | D:1      | Decritt the Deep Dwarf Fighter began the quest for the Orb.
     0 | D:1      | Reached XP level 1. HP: 20/20 MP: 1/1
   149 | D:1      | Reached XP level 2. HP: 27/27 MP: 2/2
   361 | D:1      | Reached skill level 1 in Dodging
   633 | D:1      | Reached skill level 3 in Axes
   969 | D:2      | Found a blossoming altar of Fedhas.
  1059 | D:2      | Reached XP level 3. HP: 20/34 MP: 3/3
  1628 | D:3      | Reached XP level 4. HP: 32/42 MP: 4/4
  1851 | D:3      | Reached skill level 4 in Axes
  1969 | D:3      | Found a basalt altar of Yredelemnul.
  2008 | D:3      | Found a white marble altar of Elyvilon.
  2014 | D:3      | Became a worshipper of Elyvilon the Healer
  2022 | D:3      | Noticed Sigmund
  2028 | D:3      | Slain by an iguana

Illustrated notes

Levels and vault maps discovered:
D:1:      amcnicky_arrival_flooded_fountain, layout_loops_ring,
          kennysheep_small_spiral
D:2:      layout_basic, basic_altar
D:3:      corexii_shack_village, layout_basic, lemuel_zombie_altar_yredelemnul,
          nicolae_overflow_crystal_walls, hellmonk_ecumenical_altar_crossroads,
          uniq_sigmund

Skill      XL: |  1  2  3  4 |
---------------+-------------+-----
Dodging        | 1 2 |  2.2
Axes           | 3 4 |  4.3
Fighting       | 3 |  3.4
Armour         | |  3.2
Shields        | |  3.2

Action                   |  1- 3 |  4- 6 || total
-------------------------+-------+-------++-------
Melee: War axe           |    99 |    63 ||   162
Throw: Stone             |    10 |       ||    10
       Dart              |    19 |    11 ||    30
 Abil: Heal Wounds       |     1 |       ||     1
  Use: Scroll            |     3 |     4 ||     7
Armor: Scale mail        |    43 |    24 ||    67
Dodge: Dodged            |    43 |    36 ||    79
Block: Buckler           |    22 |    13 ||    35

Table legend: (Time is in decaauts)
 A = Elapsed time spent in this place.
 B = Non-inter-level travel time spent in this place.
 C = Inter-level travel time spent in this place.
 D = Time resting spent in this place.
 E = Time spent auto-exploring this place.
 F = Levels seen in this place.
 G = Mean time per level.
                   A        B        C        D        E       F      G
               +--------+--------+--------+--------+--------+-----+--------+
         Total |   2085 |   2042 |     43 |      0 |   1554 |   3 |  695.0 |
       Dungeon |   2085 |   2042 |     43 |      0 |   1554 |   3 |  695.0 |
               +--------+--------+--------+--------+--------+-----+--------+

Top non-repeatable levels by time:
     D:2: 796 daAuts
     D:1: 733 daAuts
     D:3: 555 daAuts
